 Dungeon Crawl Stone Soup version 0.25-a0-426-g7d9e569eea (webtiles) character file.

Game seed: 688448892712578666, levelgen mode: deterministic

161 Brozuf the Ruffian (level 5, 0/53 HPs)
             Began as an Ogre Transmuter on Jan 25, 2020.
             Slain by a hobgoblin (3 damage)
             ... on level 2 of the Dungeon.
             The game lasted 00:09:39 (3083 turns).

Brozuf the Ruffian (Ogre Transmuter)                Turns: 3083, Time: 00:09:39

Health: 0/53       AC:  4    Str: 14    XL:     5   Next: 42%
Magic:  6/8        EV: 10    Int: 15    God:
Gold:   136        SH:  0    Dex:  9    Spells: 2/8 levels left

rFire    . . .     SeeInvis .     - Unarmed
rCold    . . .     Gourm    .   (no shield)
rNeg     . . .     Faith    .   b - +0 robe
rPois    .         Spirit   .   (helmet restricted)
rElec    .         Reflect  .   d - +0 cloak (curse)
rCorr    .         Harm     .   (gloves unavailable)
MR       .....                  (boots unavailable)
Stlth    +.........             (no amulet)
HPRegen  0.17/turn              (no ring)
MPRegen  0.11/turn              (no ring)

@: lethally poisoned (0 -> -4), appendage (expiring), flying, very slightly
contaminated, hasted, invisible, very quick
A: large, unfitting armour, talons 3, tough skin 1
a: End Transformation


You were on level 2 of the Dungeon.
You were hungry.
You had grown temporary talons.
You visited 1 branch of the dungeon, and saw 3 of its levels.

You collected 136 gold pieces.

Inventory:

Missiles
 a - 34 arrows
Armour
 b - a +0 robe (worn)
 d - a cursed +0 cloak (worn)
   (You found it on level 1 of the Dungeon)
 f - a scarf of repulsion
   (You found it on level 2 of the Dungeon)
 l - a +1 cloak
   (You found it on level 2 of the Dungeon)
Jewellery
 h - a cursed amulet of inaccuracy {unknown}
   (You found it on level 1 of the Dungeon)
Scrolls
 c - a scroll of enchant armour {unknown}
 i - a scroll of remove curse {unknown}
 k - a scroll of fog {unknown}
 m - 3 scrolls of identify {unknown}
Potions
 g - a potion of haste {@q3}
Comestibles
 e - 2 rations {!d}


   Skills:
 + Level 3.5 Fighting
 - Level 1.7 Dodging
 * Level 4.3 Unarmed Combat
 - Level 2.4 Spellcasting
 + Level 2.3 Transmutations
 - Level 1.0 Poison Magic


You had 2 spell levels left.
You knew the following spells:

 Your Spells              Type           Power        Failure   Level  Hunger
a - Beastly Appendage     Tmut           #.....       9%          1    #......
s - Sticks to Snakes      Tmut           #.......     12%         2    ###....
x - Spider Form           Tmut/Pois      #.........   32%         3    ###....

Your spell library contained the following spells:

 Spells                   Type           Power        Failure   Level  Hunger
 Ice Form                 Ice/Tmut       #.......     78%         4    #####..
 Blade Hands              Tmut           #.........   92%         5    ######.


Dungeon Overview and Level Annotations

Branches:
Dungeon (3/15)

Altars:

Annotations:
D:1 1 exclusion
D:2 Sigmund


Innate Abilities, Weirdness & Mutations

You are too large for most types of armour.
You have tough skin. (AC +1)
You have claws for feet.


Message History

Casting: Spider Form (safe; 32% risk of failure)
Your feet morph into talons.
The adder bites you but does no damage. The adder closely misses you.
You hit the adder. Your kick misses the adder.
You feel sick. The adder barely misses you.
You closely miss the adder. Your kick misses the adder. The adder bites you.
You are more poisoned.
The adder poisons you!
You hit the adder. Your kick misses the adder.
You feel sick. The adder bites you.
* * * LOW HITPOINT WARNING * * *
You barely miss the adder. Your kick misses the adder.
The adder barely misses you.
You miss the adder.
You feel sick. The adder barely misses you. The adder bites you.
* * * LOW HITPOINT WARNING * * *
You are more poisoned.
The adder poisons you!
All of the chunks of flesh in your inventory have rotted away.
You closely miss the adder.
You feel sick. The adder bites you.
* * * LOW HITPOINT WARNING * * *
You barely miss the adder. Your kick misses the adder.
You feel sick. The adder bites you.
* * * LOW HITPOINT WARNING * * *
It was a potion of haste.
You feel yourself speed up.
You feel sick. The adder closely misses you.
It was a potion of invisibility.
You fade into invisibility!
The adder bites you.
* * * LOW HITPOINT WARNING * * *
You are very lightly contaminated with residual magic.
Unknown command.
It was a potion of flight.
You feel very buoyant.
You fly up into the air.
You feel sick. The adder barely misses you.
You barely miss the adder.
Your transformation is almost over.
The adder barely misses you.
You punch the adder!
You kill the adder!
You feel sick.
You miss the adder.
You feel sick. The adder closely misses you.
You hit the adder. Your kick misses the adder. The adder bites you.
* * * LOW HITPOINT WARNING * * *
You closely miss the adder. You claw the adder.
You kill the adder!
* * * LOW HITPOINT WARNING * * *
You feel sick. The hobgoblin hits you.
You die...

##.....# ##...## #......#
##.....## ## ##.....##
##.......## ##.
#......####.........####..
###[......'.........+.....
#.>..g...#.........####..
#..#.###g##.......## ##.
####..#####g###.....########
#.........#@# ##...#......##
#.##....#.#.# ##+##.####.##
#.##.##.#.#.# #.##.####.##
#.##.##.#.#.# #.##.##.....
#.........#.#####.##.##.#.##
####...............#.##.#.#
#.##..##.###...........#
#.##..##.# #....####.###
#.##..##.###.#.#####.#


You could see 2 hobgoblins.

Vanquished Creatures
  Jessica (D:2)
  7 adders
  3 worms
  A dart slug (D:2)
  4 leopard geckos
  4 orcs
  4 bats
  5 goblins
  5 hobgoblins
  6 jackals (D:1)
  A quokka (D:2)
  4 frilled lizards
  8 kobolds
  3 rats
  A fungus (D:1)
57 creatures vanquished.

Vanquished Creatures (others)
  2 toadstools (D:1)
2 creatures vanquished.

Grand Total: 59 creatures vanquished

Notes
Turn   | Place    | Note
-------+----------+-------------------------------------------
     0 | D:1      | Brozuf the Ogre Transmuter began the quest for the Orb.
     0 | D:1      | Reached XP level 1. HP: 19/19 MP: 3/3
   312 | D:1      | Reached skill level 3 in Unarmed Combat
   317 | D:1      | Reached XP level 2. HP: 28/28 MP: 3/5
   761 | D:1      | Reached XP level 3. HP: 36/36 MP: 6/6
  1066 | D:2      | Learned a level 3 spell: Spider Form
  1787 | D:2      | Noticed Sigmund
  2000 | D:2      | Noticed Jessica
  2007 | D:2      | Killed Jessica
  2007 | D:2      | Reached XP level 4. HP: 45/45 MP: 5/7
  2293 | D:2      | Reached skill level 4 in Unarmed Combat
  2306 | D:2      | Learned a level 2 spell: Sticks to Snakes
  2731 | D:2      | Reached skill level 1 in Poison Magic
  2914 | D:3      | Reached XP level 5. HP: 53/53 MP: 4/8
  3083 | D:2      | Slain by a hobgoblin

Levels and vault maps discovered:
D:1:      wander_arrival_desolate, layout_loops_cross, minmay_gold_behind_fungi,
          corexii_item_surrounded_by_moat, minmay_misc_feat_chi,
          minmay_indecisive_spiral
D:2:      layout_loops_corners, uniq_sigmund, uniq_jessica
D:3:      layout_rooms, first_ration, tgw_xom

Skill      XL: |  1  2  3  4 |
---------------+-------------+-----
Unarmed Combat | 3 4 |  4.3
Fighting       | 2 3 |  3.5
Transmutations | 2 |  2.3
Poison Magic   | 1 |  1.0
Dodging        | |  1.7
Spellcasting   | |  2.4

Action                   |  1- 3 |  4- 6 || total
-------------------------+-------+-------++-------
Melee: Unarmed           |   129 |   105 ||   234
       Kick              |     5 |    12 ||    17
       Headbutt          |     9 |       ||     9
       Punch             |       |     2 ||     2
 Cast: Beastly Appendage |    20 |    12 ||    32
       Spider Form       |       |     4 ||     4
  Use: Potion            |       |     3 ||     3
  Eat: Chunk             |     2 |     2 ||     4
       Ration            |     1 |       ||     1
Armor: Robe              |    39 |    17 ||    56
Dodge: Dodged            |    57 |    82 ||   139

Table legend:
 A = Non-vault XP
 B = Vault XP
 C = Vault XP percentage of total XP
 D = Non-vault monster count
 E = Vault monster count
 F = Vault count percentage of total count
                 A         B        C        D         E       F
            +---------+---------+-------+---------+---------+-------
      Total |     187 |      44 |  19.0 |      51 |       5 |   8.9
            +---------+---------+-------+---------+---------+-------
        D:1 |      36 |       7 |  16.3 |      20 |       4 |  16.7
        D:2 |     121 |      37 |  23.4 |      23 |       1 |   4.2
        D:3 |      30 |       0 |   0.0 |       8 |       0 |   0.0
            +---------+---------+-------+---------+---------+-------
